 Dungeon Sprint DCSS version 0.21-a0-286-g6fcecc0 (webtiles) character file.

3026 potatolord6000 the Thaumaturge (level 9, -1/45 HPs)
             Began as a Deep Elf Conjurer on Sept 26, 2017.
             Was a High Priest of Sif Muna.
             Killed from afar by a manticore (17 damage)
             ... with a volley of spikes
             ... in the Dungeon (Sprint VII: "The Pits").
             The game lasted 00:16:08 (1563 turns).

potatolord6000 the Thaumaturge (Deep Elf Conjurer)  Turns: 1563, Time: 00:16:09

Health: -1/45      AC:  4    Str:  5    XL:     9   Next: 55%
Magic:  16/28      EV: 21    Int: 24    God:    Sif Muna [*****.]
Gold:   0          SH:  0    Dex: 15    Spells: 17/34 levels left

rFire    . . .     SeeInvis .   p - staff of energy
rCold    . . .     Gourm    .   (no shield)
rNeg     . . .     Faith    .   a - +0 robe
rPois    .         Spirit   .   (no helmet)
rElec    .         Reflect  .   s - +0 cloak
rCorr    .         Harm     .   (no gloves)
MR       .....     NoTele   +   t - +0 pair of boots
Stlth    +++++.....             (no amulet)
HPRegen  0.15/turn              f - +3 ring of evasion
MPRegen  0.21/turn              i - +3 ring of evasion

@: lethally poisoned (-1 -> -43), barbed spikes
A: no striking features
a: Divine Energy, Channel Magic, Forget Spell, Renounce Religion


You were in the Dungeon.
You worshipped Sif Muna.
Sif Muna was extremely pleased with you.
You were very full.

You visited 1 branch

Inventory:

Armour
 a - a +0 robe (worn)
 s - a +0 cloak (worn)
 t - a +0 pair of boots (worn)
Magical Staves
 p - an uncursed staff of energy (weapon)
Jewellery
 f - a +3 ring of evasion (left hand)
 i - a +3 ring of evasion (right hand)
Scrolls
 k - 3 scrolls of remove curse
 l - 4 scrolls of amnesia
Potions
 d - 5 potions of curing
 e - 9 potions of heal wounds
 g - a potion of magic
 h - 3 potions of berserk rage
 m - a potion of agility
 q - a potion of brilliance
 r - a potion of haste
Books
 b - a book of Conjurations

   Spells                             Type                      Level
   a - Magic Dart                     Conjuration                  1
   b - Searing Ray                    Conjuration                  2
   c - Dazzling Spray                 Conjuration/Hexes            3
   d - Fulminant Prism                Conjuration/Hexes            4
   e - Force Lance                    Conjuration/Translocation    4
   f - Iskenderun's Mystic Blast      Conjuration                  4
 j - Sif Muna's Tome of Excruciating Stolen Souls
   (Sif Muna gifted it to you in the Dungeon)

   Spells                             Type                      Level
   a - Throw Flame                    Conjuration/Fire             2
   b - Stone Arrow                    Conjuration/Earth            3
   c - Vampiric Draining              Necromancy                   3
   d - Venom Bolt                     Conjuration/Poison           5
   e - Agony                          Necromancy                   5
   f - Iron Shot                      Conjuration/Earth            6
Comestibles
 c - 8 bread rations
 n - 40 fruits
 o - 5 meat rations


   Skills:
 - Level 5.2 Dodging
 + Level 12.9 Stealth
 + Level 13.0 Spellcasting
 + Level 11.6 Conjurations
 + Level 10.2 Translocations
 + Level 0.0 Earth Magic
 + Level 10.7 Evocations


You had 17 spell levels left.
You knew the following spells:

 Your Spells              Type           Power        Failure   Level  Hunger
a - Magic Dart            Conj           ####         1%          1    None
b - Searing Ray           Conj           ######       1%          2    None
c - Force Lance           Conj/Tloc      ######..     1%          4    None
d - Iskenderun's Mystic   Conj           ######..     1%          4    None
e - Iron Shot             Conj/Erth      #####.....   47%         6    None


Dungeon Overview and Level Annotations

Branches:
Dungeon (1/1)

Altars:
Ashenzari
Cheibriados
Dithmenos
Elyvilon
Fedhas
Gozag
Hepliaklqana
Kikubaaqudgha
Makhleb
Nemelex Xobeh
Okawaru
Qazlal
Ru
Sif Muna
Trog
Uskayaw
Vehumet
Wu Jian
Xom
Yredelemnul
Zin
The Shining One
Beogh
Jiyva
Lugonu


Message History

The manticore is knocked back by the lance of force.
The manticore slams into the metal wall!
The redback bites you!
You are lethally poisoned!
The redback poisons you!
Casting: Force Lance
Confirm with . or Enter, or press ? or * to list all spells.
Aiming: Force Lance
Press: ? - help, Shift-Dir - straight line, f/p - manticore
Aim: a manticore (severely wounded)
The lance of force hits the manticore.
The manticore is almost dead.
The manticore is knocked back by the lance of force.
The manticore slams into the metal wall!
You feel very sick. The redback bites you!
The manticore flicks its tail.
The volley of spikes hits you!
The barbed spikes become lodged in your body.
You die...

#[[##.......##...##
#'###...<...###...##+##.
...##.......# ##÷.......
...##.......###..###+###
#####.......##..## #..
##########..+
#)############..##
#)#....#...[###..###+###
#)#....#..[.# ##@..o.o..
#.'....'..))# #.s.##+##.
#'#..†.#!!))##H..##
'.#....#..))##..##
################


You could see a manticore, an orc warrior, a redback and an orc.

Vanquished Creatures
  A death yak (D)
  A deep elf mage (D)
  A jumping spider (D)
  5 blink frogs (D)
  A flying skull (D)
  A wraith (D)
  A water moccasin (D)
  2 phantoms (D)
  A gnoll sergeant (D)
  3 wights (D)
  A crimson imp (D)
  An iron imp (D)
  A mummy (D)
  2 gnolls (D)
  A river rat (D)
  An adder skeleton (D)
  A leopard gecko (D)
  2 giant cockroaches (D)
  4 jackals (D)
  A rat (D)
32 creatures vanquished.

Vanquished Creatures (collateral kills)
  A worker ant (D)
  An adder (D)
  A leopard gecko (D)
  A ball python zombie (D)
4 creatures vanquished.

Grand Total: 36 creatures vanquished

Notes
Turn   | Place    | Note
-------+----------+-------------------------------------------
     0 | D        | potatolord6000 the Deep Elf Conjurer began the quest for the Orb.
     0 | D        | Reached XP level 1. HP: 10/10 MP: 6/6
    48 | D        | Found a bloodstained altar of Trog.
    48 | D        | Found a deep blue altar of Sif Muna.
    48 | D        | Found a viscous altar of Jiyva.
    48 | D        | Found a hazy altar of Hepliaklqana.
    48 | D        | Found an opulent altar of Gozag.
    49 | D        | Found a glowing golden altar of the Shining One.
    49 | D        | Found a glowing silver altar of Zin.
    49 | D        | Found a basalt altar of Yredelemnul.
    49 | D        | Found a shimmering altar of Xom.
    49 | D        | Found an ornate altar of the Wu Jian Council.
    49 | D        | Found a sacrificial altar of Ru.
    49 | D        | Found a stormy altar of Qazlal.
    49 | D        | Found an iron altar of Okawaru.
    49 | D        | Found a sparkling altar of Nemelex Xobeh.
    49 | D        | Found a burning altar of Makhleb.
    49 | D        | Found a blossoming altar of Fedhas.
    49 | D        | Found a white marble altar of Elyvilon.
    49 | D        | Found a shadowy altar of Dithmenos.
    49 | D        | Found a snail-covered altar of Cheibriados.
    51 | D        | Found a radiant altar of Vehumet.
    51 | D        | Found a corrupted altar of Lugonu.
    51 | D        | Found a roughly hewn altar of Beogh.
    53 | D        | Found an ancient bone altar of Kikubaaqudgha.
    53 | D        | Found a hide-covered altar of Uskayaw.
    53 | D        | Found a shattered altar of Ashenzari.
    60 | D        | Became a worshipper of Sif Muna the Loreminder
    83 | D        | Noticed a worker ant
    90 | D        | Killed a worker ant
    90 | D        | Reached skill level 4 in Spellcasting
    90 | D        | Reached skill level 5 in Conjurations
    90 | D        | Reached skill level 1 in Evocations
    90 | D        | Reached XP level 2. HP: 15/15 MP: 7/9
    98 | D        | Learned a level 2 spell: Searing Ray
   132 | D        | Reached * piety under Sif Muna
   132 | D        | Reached XP level 3. HP: 19/19 MP: 7/11
   142 | D        | Reached skill level 5 in Spellcasting
   146 | D        | Reached skill level 5 in Dodging
   146 | D        | Reached skill level 5 in Stealth
   146 | D        | Reached XP level 4. HP: 13/24 MP: 5/13
   317 | D        | Learned a level 4 spell: Force Lance
   322 | D        | Learned a level 4 spell: Fulminant Prism
   335 | D        | Reached ** piety under Sif Muna
   335 | D        | Reached skill level 6 in Spellcasting
   445 | D        | Reached skill level 7 in Spellcasting
   445 | D        | Reached XP level 5. HP: 28/28 MP: 10/16
   498 | D        | Noticed a deep elf mage
   498 | D        | Noticed a phantom
   511 | D        | Reached *** piety under Sif Muna
   511 | D        | Reached skill level 5 in Evocations
   515 | D        | Killed a deep elf mage
   515 | D        | Reached **** piety under Sif Muna
   515 | D        | Reached skill level 9 in Spellcasting
   515 | D        | Reached XP level 6. HP: 25/32 MP: 7/20
   515 | D        | Reached XP level 7. HP: 28/36 MP: 7/22
   620 | D        | Reached skill level 10 in Stealth
   620 | D        | Reached skill level 10 in Spellcasting
   726 | D        | Learned a level 4 spell: Iskenderun's Mystic Blast
   751 | D        | Noticed a death yak
   774 | D        | Killed a death yak
   774 | D        | Reached ***** piety under Sif Muna
   774 | D        | Identified Sif Muna's Catalogue of Spatial Toxins (Sif Muna gifted it to you in the Dungeon)
   774 | D        | Received a gift from Sif Muna
   774 | D        | Reached skill level 11 in Spellcasting
   774 | D        | Reached skill level 10 in Conjurations
   774 | D        | Reached XP level 8. HP: 41/41 MP: 2/25
   982 | D        | Noticed a flying skull
   986 | D        | Killed a flying skull
  1222 | D        | Noticed a blink frog
  1225 | D        | Noticed a blink frog
  1225 | D        | Killed a blink frog
  1225 | D        | Reached skill level 12 in Spellcasting
  1226 | D        | Noticed a jumping spider
  1226 | D        | Noticed a blink frog
  1227 | D        | Noticed a blink frog
  1228 | D        | Noticed a blink frog
  1229 | D        | Killed a blink frog
  1229 | D        | Reached XP level 9. HP: 45/45 MP: 5/27
  1234 | D        | Killed a jumping spider
  1234 | D        | Identified Sif Muna's Tome of Excruciating Stolen Souls (Sif Muna gifted it to you in the Dungeon)
  1234 | D        | Received a gift from Sif Muna
  1234 | D        | Reached skill level 10 in Evocations
  1263 | D        | Reached skill level 10 in Translocations
  1278 | D        | Reached skill level 13 in Spellcasting
  1544 | D        | Learned a level 6 spell: Iron Shot
  1559 | D        | Noticed a manticore
  1563 | D        | Killed from afar by a manticore

Vault maps used:
D:        pitsprint

Skill      XL: |  1  2  3  4  5  6  7  8  9 |
---------------+----------------------------+-----
Dodging        | 3 4 5 |  5.2
Stealth        | 4 5 6 9 11 12 | 12.9
Spellcasting   | 4 5 7 9 11 12 13 | 13.0
Conjurations   | 5 6 8 10 11 | 11.6
Evocations     | 1 2 3 4 7 9 10 | 10.7
Translocations | 3 6 8 9 10 | 10.2

Action                   |  1- 3 |  4- 6 |  7- 9 || total
-------------------------+-------+-------+-------++-------
Melee: Staff             |       |       |    12 ||    12
 Cast: Magic Dart        |    12 |     7 |    25 ||    44
       Searing Ray       |     4 |     5 |     8 ||    17
       Force Lance       |       |       |    16 ||    16
       Iskenderun's Myst |       |       |     9 ||     9
Evoke: Staff of energy   |       |     1 |     2 ||     3
  Use: Scroll            |     1 |     1 |     1 ||     3
       Potion            |     1 |       |     8 ||     9
 Stab: Invisible         |       |       |     2 ||     2
  Eat: Meat ration       |       |       |     2 ||     2
Armor: Robe              |     2 |       |     1 ||     3
Dodge: Dodged            |    17 |     3 |    41 ||    61

Table legend:
 A = Spawn XP
 B = Non-spawn XP
 C = Spawn XP percentage of total XP
 D = Spawn monster count
 E = Non-spawn monster count
 F = Spawn count percentage of total count
 G = Total turns spent on level
                    A         B        C        D         E        F      G
               +---------+---------+-------+---------+---------+-------+---------
         Total |       0 |    4323 |   0.0 |       0 |      36 |   0.0 |  1563
               +---------+---------+-------+---------+---------+-------+---------
             D |       0 |    4323 |   0.0 |       0 |      36 |   0.0 |  1563
               +---------+---------+-------+---------+---------+-------+---------
